 Dungeon Sprint DCSS version 0.27.1-33-g824d729ab1 (webtiles) character file.

Game seed: 7345436092311360848

1507 Hipnos the Summoner (level 8, -14/60 HPs)
             Began as a Hill Orc Summoner on Nov 26, 2021.
             Was a Believer of Sif Muna.
             Shot with an arrow by a centaur warrior (24 damage)
             ... in the Dungeon (Sprint I: "Red Sonja").
             The game lasted 00:11:27 (1455 turns).

Hipnos the Summoner (Hill Orc Summoner)             Turns: 1455, Time: 00:11:28

Health: -14/60     AC:  7    Str: 11    XL:     8   Next: 82%
Magic:  1/20       EV: 12    Int: 20    God:    Sif Muna [**....]
Gold:   472        SH:  0    Dex: 11    Spells: 10/23 levels left

rFire    + . .     SeeInvis .   f - +0 scythe
rCold    . . .     Faith    .   (shield currently unavailable)
rNeg     . . .     Spirit   .   a - +0 robe
rPois    .         Reflect  .   k - +1 helmet {Int+3}
rElec    .         Harm     .   (no cloak)
rCorr    .         Rampage  .   (no gloves)
Will     .....     NoTele   +   j - +2 pair of boots
Stlth    +.........             (no amulet)
HPRegen  0.20/turn              i - ring of protection from fire
MPRegen  0.17/turn              (no ring)

@: very slow
A: no striking features
a: Renounce Religion, Channel Magic


You were in the Dungeon.
You worshipped Sif Muna.
Sif Muna was pleased with you.
You visited 1 branch You collected 834 gold pieces.
You spent 362 gold pieces at shops.

Inventory:

Hand Weapons
 f - a +0 scythe (weapon)
Armour
 a - a +0 robe (worn)
 j - a +2 pair of boots (worn)
 k - a +1 helmet of intelligence (worn)
Jewellery
 i - a ring of protection from fire (left hand)
Scrolls
 l - a scroll of identify {unknown}
Potions
 b - 3 potions of curing
 d - a potion of haste
 e - 2 potions of magic
 h - a potion of lignification {unknown}


   Skills:
 + Level 1.7 Fighting
 - Level 1.5 Dodging
 - Level 1.5 Stealth
 + Level 4.5 Unarmed Combat
 + Level 8.3 Spellcasting
 + Level 1.2 Hexes
 * Level 14.4 Summonings
 + Level 1.8 Air Magic
 * Level 5.1 Invocations


You had 10 spell levels left.
You knew the following spells:

 Your Spells              Type           Power      Damage    Failure   Level
a - Summon Small Mammal   Summ           100%       N/A       1%          1
b - Call Imp              Summ           60%        N/A       1%          2
c - Call Canine Familiar  Summ           60%        N/A       1%          3
d - Summon Guardian Gole  Hex/Summ       39%        N/A       1%          3
e - Summon Lightning Spi  Summ/Air       40%        N/A       3%          4

Your spell library contained the following spells:

 Spells                   Type           Power      Damage    Failure   Level


Dungeon Overview and Level Annotations

Branches:
Dungeon (1/1)

Altars:
Cheibriados
Dithmenos
Elyvilon
Fedhas
Gozag
Hepliaklqana
Kikubaaqudgha
Makhleb
Nemelex Xobeh
Okawaru
Qazlal
Ru
Sif Muna
Trog
Uskayaw
Vehumet
Wu Jian
Xom
Yredelemnul
Zin
The Shining One
Jiyva
Lugonu

Shops:
D *([


Message History

The centaur warrior hits you.
* * * LOW HITPOINT WARNING * * *
The centaur warrior kicks you.
* * * LOW HITPOINT WARNING * * *
The centaur warrior hits you.
* * * LOW HITPOINT WARNING * * *
The centaur warrior closely misses you.
You feel much better. The centaur warrior hits you.
* * * LOW HITPOINT WARNING * * *
The centaur warrior kicks you but does no damage.
Casting: Summon Lightning Spire (dangerous; 3% risk of failure)
Confirm with . or Enter, or press ? or * to list all spells.
A guardian golem appears, shielding your allies.
The centaur warrior closely misses you.
The centaur warrior kicks you but does no damage.
Your crimson imp hits the centaur warrior but does no damage.
The centaur warrior closely misses your crimson imp.
The centaur warrior kicks your crimson imp.
You closely miss the centaur warrior.
The centaur warrior is heavily wounded.
The centaur warrior barely misses you. The centaur warrior kicks you.
* * * LOW HITPOINT WARNING * * *
Your crimson imp barely misses the centaur warrior.
The centaur warrior hits you!
* * * LOW HITPOINT WARNING * * *
The centaur warrior kicks you but does no damage.
Your crimson imp closely misses the centaur warrior.
The centaur warrior closely misses you. The centaur warrior barely misses you.
Blink to where?
Press: ? - help, Dir - move target Splash!
You fall into the shallow water.
Moving in this stuff is going to be slow.
As you read the scroll of blinking, it crumbles to dust.
Your crimson imp blinks!
The centaur warrior wields a +0 shortbow.
The centaur warrior shoots an arrow.
The arrow barely misses your crimson imp.
The arrow hits you!!
You die...

##########################
#<.#.)').#.['.†#__#s.)...#
#..'..#..'..#..+^s's.#...#
#..#####'#####'#s_####...'s.#
#..####..#...#.####)§#####s.+
#..#__####..##)#≈§§§§# ##
#..#_____##)#_.+≈§§§§+
#⌠⌠#_.∩...'..._#@§§§§#
####_..__##_.#'##5###
#_____###'#(#(8c§###
############.####8###.##
#∩...[....'...'.....'.∩#
###++++####...##########
###.### #.#'#.# #.....#


You could see a centaur warrior (ally target), a friendly guardian golem
(summoned), a friendly lightning spire (summoned, sheltered) and a friendly
crimson imp (summoned, sheltered).

Vanquished Creatures
  Ijyb (D)
1 creature vanquished.

Vanquished Creatures (collateral kills)
  A centaur warrior (D)
  Sonja (D)
  A deep troll (D)
  A kobold demonologist (D)
  A slime creature (D)
  Sigmund (D)
  A yak (D)
  A floating eye (D)
  An ogre (D)
  A jelly (D)
10 creatures vanquished.

Vanquished Creatures (others)
  A gargoyle (D)
  A kobold demonologist (D)
  2 ballistomycete spores (D)
4 creatures vanquished.

Grand Total: 15 creatures vanquished

Notes
Turn   | Place    | Note
-------+----------+-------------------------------------------
     0 | D        | Hipnos the Hill Orc Summoner began the quest for the Orb.
     0 | D        | Reached XP level 1. HP: 14/14 MP: 3/3
     3 | D        | Noticed Ijyb
    12 | D        | Killed Ijyb
    13 | D        | Reached skill level 1 in Unarmed Combat
    13 | D        | Reached skill level 6 in Summonings
    13 | D        | Reached XP level 2. HP: 3/22 MP: 1/5
    13 | D        | Reached XP level 3. HP: 4/27 MP: 1/6
   274 | D        | Learned a level 2 spell: Call Imp
   278 | D        | Learned a level 3 spell: Call Canine Familiar
   281 | D        | Noticed an ogre
   291 | D        | Killed an ogre
   292 | D        | Reached skill level 8 in Summonings
   292 | D        | Reached XP level 4. HP: 34/34 MP: 2/8
   350 | D        | Noticed Sigmund
   360 | D        | Killed Sigmund
   361 | D        | Reached skill level 1 in Fighting
   361 | D        | Reached skill level 10 in Summonings
   361 | D        | Reached XP level 5. HP: 39/40 MP: 1/11
   466 | D        | Found an ornate altar of the Wu Jian Council.
   466 | D        | Found a shimmering blue altar of Sif Muna.
   468 | D        | Found a radiant altar of Vehumet.
   473 | D        | Became a worshipper of Sif Muna the Loreminder
   477 | D        | Found Amacoyrgh's Antique Weapon Emporium.
   477 | D        | Found an ancient bone altar of Kikubaaqudgha.
   477 | D        | Found a hazy altar of Hepliaklqana.
   477 | D        | Found a stormy altar of Qazlal.
   477 | D        | Found a hide-covered altar of Uskayaw.
   477 | D        | Found a blossoming altar of Fedhas.
   477 | D        | Found a bloodstained altar of Trog.
   477 | D        | Found an iron altar of Okawaru.
   477 | D        | Found a basalt altar of Yredelemnul.
   477 | D        | Found a glowing golden altar of the Shining One.
   477 | D        | Found a snail-covered altar of Cheibriados.
   477 | D        | Found a sacrificial altar of Ru.
   477 | D        | Found a glowing silver altar of Zin.
   477 | D        | Found a shadowy altar of Dithmenos.
   477 | D        | Found a white marble altar of Elyvilon.
   477 | D        | Noticed a yak
   486 | D        | Killed a yak
   487 | D        | Reached skill level 11 in Summonings
   487 | D        | Reached XP level 6. HP: 47/47 MP: 6/13
   491 | D        | Found an opulent altar of Gozag.
   524 | D        | Learned a level 3 spell: Summon Guardian Golem
   529 | D        | Learned a level 4 spell: Summon Lightning Spire
   533 | D        | Found a sparkling altar of Nemelex Xobeh.
   549 | D        | Found a burning altar of Makhleb.
   549 | D        | Found a viscous altar of Jiyva.
   549 | D        | Found a shimmering altar of Xom.
   549 | D        | Found a corrupted altar of Lugonu.
   549 | D        | Noticed a slime creature
   565 | D        | Killed a slime creature
   565 | D        | Reached * piety under Sif Muna
   566 | D        | Reached skill level 5 in Spellcasting
   756 | D        | Noticed a kobold demonologist
   756 | D        | Noticed a floating eye
   756 | D        | Noticed a kobold demonologist
   758 | D        | Killed a floating eye
   774 | D        | Noticed an ice devil
   777 | D        | Killed a kobold demonologist
   778 | D        | Reached skill level 12 in Summonings
   778 | D        | Reached XP level 7. HP: 36/53 MP: 2/16
   799 | D        | Killed a kobold demonologist
   799 | D        | Reached ** piety under Sif Muna
   800 | D        | Reached skill level 13 in Summonings
   800 | D        | Reached skill level 1 in Air Magic
   861 | D        | Killed a gargoyle
   877 | D        | Noticed a demonic crawler
   877 | D        | Noticed a demonic crawler
   877 | D        | Noticed a demonic crawler
   877 | D        | Noticed a demonic crawler
   998 | D        | Noticed Sonja
  1012 | D        | Killed Sonja
  1013 | D        | Reached XP level 8. HP: 60/60 MP: 4/19
  1172 | D        | Found Xyppezoh's Assorted Antiques.
  1203 | D        | Noticed a deep troll
  1234 | D        | Killed a deep troll
  1264 | D        | Found Wiet's Armour Emporium.
  1274 | D        | Bought a +2 pair of boots for 181 gold pieces
  1274 | D        | Bought a +1 helmet of intelligence for 181 gold pieces
  1398 | D        | Noticed a centaur warrior
  1412 | D        | Noticed a centaur warrior
  1445 | D        | Killed a centaur warrior
  1446 | D        | Reached skill level 1 in Hexes
  1446 | D        | Reached skill level 14 in Summonings
  1446 | D        | Reached skill level 5 in Invocations
  1455 | D        | Shot with an arrow by a centaur warrior

Illustrated notes

Levels and vault maps discovered:
D:        dungeon_sprint_1 [red_sonja_temple_1, red_sonja_temple_small_1]

Skill      XL: |  1  2  3  4  5  6  7  8 |
---------------+-------------------------+-----
Unarmed Combat | 1 2 3 4 |  4.5
Spellcasting   | 2 4 6 7 8 |  8.3
Summonings     | 6 8 10 11 12 13 14 | 14.4
Fighting       | 1 |  1.7
Air Magic      | 1 |  1.8
Invocations    | 3 5 |  5.1
Hexes          | 1 |  1.2
Dodging        | |  1.5
Stealth        | |  1.5

Action                   |  1- 3 |  4- 6 |  7- 9 || total
-------------------------+-------+-------+-------++-------
Melee: Unarmed           |     6 |     6 |       ||    12
       Scythe            |       |     1 |     5 ||     6
 Cast: Summon Small Mamm |     2 |       |       ||     2
       Call Canine Famil |     1 |     6 |     3 ||    10
       Call Imp          |     1 |     5 |    12 ||    18
       Summon Lightning  |       |     2 |     6 ||     8
       Summon Guardian G |       |     1 |     5 ||     6
  Use: Potion            |     1 |       |     2 ||     3
       Scroll            |       |       |     1 ||     1
Armor: Robe              |       |     3 |    11 ||    14
Dodge: Dodged            |       |     7 |    10 ||    17
